 Dungeon Crawl Stone Soup version 0.31-b1-12-gca42e3d1b8 (webtiles) character file.

Game seed: 10814628138119002614

79 Aldia the Ruffian (level 4, 0/36 HPs)
             Began as a Draconian Shapeshifter on Jan 14, 2024.
             Slain by a gnoll
             ... wielding a +0 spear
              (1 damage)
             ... on level 3 of the Dungeon.
             The game lasted 00:02:56 (1637 turns).

Aldia the Ruffian (Draconian Shapeshifter)          Turns: 1637, Time: 00:02:57

Health: 0/36       AC:  5    Str: 17    XL:     4   Next: 17%
Magic:  4/4        EV: 12    Int: 10    God:
Gold:   166        SH:  0    Dex: 12    Spells: 3/3 levels left

rFire   . .          .
                       - Unarmed
rCold   . . .        (no shield)
rNeg    . . .        (body armour unavailable)
rPois   .            (helmet currently unavailable)
rElec   .            (cloak currently unavailable)
rCorr   .            (gloves currently unavailable)
SInv    .            (boots currently unavailable)
Will    .....        (no amulet)
Stlth   +            (no ring)
HPRegen 0.26/turn    (no ring)
MPRegen 0.09/turn

%: no passive effects
@: beast-form
A: beast (slay +1), AC +5, unfitting armour, cold-blooded
a: Begin Untransformation


You were on level 3 of the Dungeon.
You were a hulking beast.
You visited 1 branch of the dungeon, and saw 3 of its levels.

You collected 166 gold pieces.

Inventory:

Talismans
 b - a beast talisman
 c - a flux talisman
Scrolls
 g - a scroll of amnesia {unknown}
 i - a scroll of noise {unknown}
 j - a scroll of fog {unknown}
 k - a scroll of butterflies {unknown}
 l - 2 scrolls of teleportation {unknown}
 m - a scroll of blinking {unknown}
 n - a scroll of fear {unknown}
Potions
 a - a potion of lignification
 d - 3 potions of curing {unknown}
 e - a potion of resistance {unknown}
 f - a potion of magic {unknown}
 h - a potion of might {unknown}


   Skills:
 + Level 2.1 Fighting
 + Level 2.3 Dodging
 * Level 3.9 Unarmed Combat
 + Level 3.3 Shapeshifting


You had 3 spell levels left.
You didn't know any spells.
Your spell library contained the following spells:

 Spells                   Type           Power      Damage    Failure   Level
 Ensorcelled Hibernation  Hex/Ice        0%         N/A       50%         2
 Passwall                 Erth           0%         N/A       75%         3
 Swiftness                Air            0%         N/A       75%         3


Dungeon Overview and Level Annotations

Branches:
Dungeon (3/15)

Altars:


Innate Abilities, Weirdness & Mutations

You are a hulking beast.
Your limbs bulge with bestial killing power. (Slay +1)
Your plain brown scales are hard. (AC +5)
You cannot fit into any form of body armour.
You are cold-blooded and may be slowed by cold attacks.


Message History

You hit the gnoll.
The gnoll is moderately wounded.
The gnoll misses you.
You hit the gnoll.
The gnoll is heavily wounded.
The gnoll hits you with a +0 halberd!
You hit the gnoll.
The gnoll is almost dead.
The gnoll hits you with a +0 halberd!
* * * LOW HITPOINT WARNING * * *
You barely miss the gnoll. You tail-slap the gnoll.
You kill the gnoll!
A gnoll comes into view. It is wielding a +0 club.
A gnoll comes into view. It is wielding a +0 spear.
Found a scroll labelled YSOASA PEOTI.
The gnoll shouts!
The gnoll hits you but does no damage.
Things that are here:
a +0 halberd; 4 stones A gnoll comes into view.
It is wielding a +0 whip.
The gnoll hits you from afar with a +0 spear.
* * * LOW HITPOINT WARNING * * *
The gnoll shouts!
You hit the gnoll.
Your tail-slap misses the gnoll.
The gnoll is lightly wounded.
The gnoll barely misses you.
The gnoll hits you from afar with a +0 spear.
* * * LOW HITPOINT WARNING * * *
You are too injured to fight recklessly!
You are too injured to fight recklessly!
You are too injured to fight recklessly!
You hit the gnoll.
The gnoll is heavily wounded.
The gnoll barely misses you. x2
You barely miss the gnoll. You tail-slap the gnoll.
The gnoll is heavily wounded.
The gnoll hits you with a +0 club.
* * * LOW HITPOINT WARNING * * *
The gnoll hits you from afar with a +0 spear.
You die...

# # ?#. #.# #.#
#.#
#########.#####
#......!.)hg..#
#
#.#..#####.##.#
#######.#..#
#g#
........#..#
#g.
#########..#
#... # #..#
#.##. ...# #.#
.# ##># #.# #


You could see 3 gnolls.

Vanquished Creatures
  A gnoll (D:3)
  2 adders (D:2)
  A dart slug (D:2)
  A ball python (D:3)
  5 endoplasms
  6 giant cockroaches
  2 goblins (D:1)
  5 hobgoblins
  3 jackals (D:1)
  4 quokkas
  6 bats
  A frilled lizard (D:1)
  3 kobolds
  3 rats
43 creatures vanquished.

Notes
Turn   | Place    | Note
-------+----------+-------------------------------------------
     0 | D:1      | Aldia the Draconian Shapeshifter began the quest for the
                  | Orb.
     0 | D:1      | Reached XP level 1. HP: 16/16 MP: 1/1
    94 | D:1      | Reached XP level 2. HP: 23/23 MP: 2/2
   416 | D:1      | Reached XP level 3. HP: 29/29 MP: 3/3
  1601 | D:3      | Reached XP level 4. HP: 35/36 MP: 4/4
  1637 | D:3      | HP: 1/36 [gnoll/+0 club (3)]
  1637 | D:3      | Slain by a gnoll

Illustrated notes

Levels and vault maps discovered:
D:1:      roadster_arrival_rocket_small, layout_basic
D:2:      layout_basic
D:3:      layout_loops_ring, cheibriados_altar_1

Skill      XL: |  1  2  3 |
---------------+----------+-----
Dodging        | 2 |  2.3
Fighting       | 2 |  2.1
Unarmed Combat | |  3.9
Shapeshifting  | |  3.3

Action                     |  1- 3 |  4- 6 || total
---------------------------+-------+-------++-------
  Melee: Unarmed           |   100 |    15 ||   115
         Tailslap          |     9 |     3 ||    12
 Armour: Skin              |    49 |    13 ||    62
  Dodge: Dodged            |    71 |     9 ||    80
